[Event "Early-Titled-Tuesday-Blitz-October-24-2023"]
[Site "Chess.com"]
[Date "2023.10.24"]
[Round "4"]
[White "ArmanGhevondyanchess"]
[Black "Lennis93"]
[Result "1-0"]
[WhiteElo "2542"]
[BlackElo "2733"]
[TimeControl "180+1"]
[EndTime "8:38:07 PDT"]
[Termination "ArmanGhevondyanchess won on time"]

1. Nf3 d5 2. g3 Nf6 3. Bg2 c6 4.
O-O Bf5 5. d4 e6 6. c4 h6 7. Nc3 Bh7 8. Nd2 Bb4 9. a3 Bxc3 10.
bxc3 O-O 11. a4 Nbd7 12. a5 b5 13. Ba3 bxc4 14. Bxf8 Nxf8 15. Qa4 Qc8 16. e4 a6 17.
Rab1 N8d7 18. Rb2 e5 19. exd5 cxd5 20. Nf3 e4 21. Ne5 Nxe5 22. dxe5 Ng4 23. Bh3 Bf5 24.
f4 exf3 25. Rxf3 Qc5+ 26. Kh1 Be6 27. Qb4 Qxb4 28. Rxb4 Nxe5 29. Bxe6 fxe6 30. Re3 Nd3 31. Rb7 e5 32. Rd7 d4 33. cxd4 exd4 34. Ree7 Rb8 35.
Rxg7+ Kh8 36. Rge7 c3 37. Rc7 Nb4 38. Red7 c2 39.
Rxd4 Re8 40. Kg2 Re2+ 41. Kf3 Re1 42. Rd8+ 1-0

[Event "Early-Titled-Tuesday-Blitz-October-24-2023"]
[Site "Chess.com"]
[Date "2023.10.24"]
[Round "4"]
[White "newyorkmouse"]
[Black "Felix-Rose"]
[Result "0-1"]
[WhiteElo "2481"]
[BlackElo "2312"]
[TimeControl "180+1"]
[EndTime "8:38:07 PDT"]
[Termination "Felix-Rose won by checkmate"]

1. Nf3 d5 2. Nc3 Nf6 3. d3 Nc6 4. e4 dxe4 5. dxe4 Qxd1+ 6. Kxd1 Bg4 7. Bd3 O-O-O 8. Be3 Ne5 9. Ke2 Bxf3+ 10. gxf3 Nxd3 11.
cxd3 a6 12. d4 e6 13. Rac1 Be7 14. Rhg1 g6 15. Bf4 Nh5 16. Bg3 Nxg3+ 17. hxg3 Rxd4 18. Ke3 Bc5 19. Na4 Ba7 20. Nc5 Rhd8 21. Kf4 Rd2 22. Rh1 h5 23. g4 hxg4 24. Kxg4 Rxf2 25. Rh7 Bxc5 26. Rxc5 b6 27. Rc3 Rd7 28. Rb3 Rg2+ 29. Kf4 f6 30. Rh8+ Kb7 31. Rf8 e5+ 32. Ke3 Rdd2 33.
f4 Rge2+ 34. Kf3 Rf2+ 35. Kg3 exf4+ 36. Kg4 f5+ 37. exf5 gxf5+ 38. Rxf5 Rxb2 39. Rxb2 Rxb2 40. Rxf4 Rxa2 41. Rf7 Re2 42. Kg5 a5 43. Kg6 a4 44.
Kg7 Rg2+ 45. Kh7 a3 46. Rf1 a2 47. Kh6 Rb2 48. Kg7 Rb1 49. Rf7 a1=Q+ 50. Kg8 Rg1+ 51. Kf8 Qa3+ 52. Ke8 Re1+ 53. Kd7 Qd3# 0-1

[Event "Early-Titled-Tuesday-Blitz-October-24-2023"]
[Site "Chess.com"]
[Date "2023.10.24"]
[Round "4"]
[White "shimastream"]
[Black "temiksmozg"]
[Result "1-0"]
[WhiteElo "2978"]
[BlackElo "2581"]
[TimeControl "180+1"]
[EndTime "8:38:08 PDT"]
[Termination "shimastream won on time"]

1. Nf3 d5 2. c4 c6 3. g3 dxc4 4. Bg2 b5 5. O-O Bb7 6. a4 a6 7. b3 cxb3 8. Qxb3 e6 9. d4 Nd7 10. Bb2 Ngf6 11. Nbd2 Be7 12. Rfc1 O-O 13. Ne1 Nc5 14. dxc5 Qxd2 15. Nd3 Qxe2 16. Ne5 Qh5 17. h3 Nd5 18. f4 f6 19. Nf3 Qf7 20. Kh2 Rfe8 21. Nd4 Bf8 22. Nf3 b4 23. a5 Rab8 24. Qc4 Rbd8 25. Re1 Qe7 26. Re2 Qxc5 27. Qb3 Qd6 28.
Rae1 c5 29. Nd2 Qd7 30. Nc4 Bc6 31. f5 exf5 32. Rxe8 Rxe8 33. Rxe8 Qxe8 34. Ne3 Qxe3 35. Bxd5+ Bxd5 36. Qxe3 c4 37. Qb6 c3 38. Bc1 b3 39.
Qd4 b2 40. Qxd5+ Kh8 41. Bxb2 cxb2 42. Qb3 1-0

[Event "Early-Titled-Tuesday-Blitz-October-24-2023"]
[Site "Chess.com"]
[Date "2023.10.24"]
[Round "4"]
[White "dimitrisl"]
[Black "AndresDelgado77"]
[Result "1-0"]
[WhiteElo "2565"]
[BlackElo "2356"]
[TimeControl "180+1"]
[EndTime "8:38:08 PDT"]
[Termination "dimitrisl won on time"]

1. d4 Nf6 2. Nf3 c5 3. c3 b6 4. Bf4 Bb7 5. Nbd2 g6 6. h3 Bg7 7. e3 O-O 8. Be2 d6 9. O-O Nbd7 10. Bh2 Re8 11. a4 a6 12. Qb3 Qc7 13. Bc4 Rf8 14. Ng5 Qc6 15. Bxf7+ Kh8 16. d5 Nxd5 17. e4 Nc7 18.
Be6 h6 19. Ngf3 b5 20. axb5 axb5 21. Bxd7 Qxd7 22. Qc2 c4 23. e5 g5 24. exd6 exd6 25.
Rad1 g4 26. hxg4 Qxg4 27. Bg3 Ne6 28. Nh4 Rf6 29. Ndf3 Nc5 30. Rxd6 Nd3 31. Rxf6 Bxf6 32. Qd2 Re8 33. Qxh6+ Kg8 34. Nh2 Qg5 35. Qxg5+ Bxg5 36. Nf5 Bc1 37. Nd6 Re7 38. Nxb5 Bxb2 39. Rb1 Bc6 40. Nd4 Ba4 41. Nf5 1-0

[Event "Early-Titled-Tuesday-Blitz-October-24-2023"]
[Site "Chess.com"]
[Date "2023.10.24"]
[Round "4"]
[White "publicaccountcze"]
[Black "MaxLeto"]
[Result "0-1"]
[WhiteElo "2337"]
[BlackElo "2557"]
[TimeControl "180+1"]
[EndTime "8:38:08 PDT"]
[Termination "MaxLeto won on time"]

1. e4 c5 2. Nc3 Nc6 3. f4 d6 4. Nf3 g6 5. g3 Bg7 6. Bg2 e6 7. O-O Nge7 8. d3 Nd4 9. Ne2 Nec6 10. c3 Nxf3+ 11. Bxf3 O-O 12. Be3 b6 13. Bg2 Bb7 14.
g4 d5 15. d4 cxd4 16. Nxd4 Nxd4 17. Bxd4 dxe4 18. f5 exf5 19. gxf5 Bxd4+ 20. Qxd4 Qxd4+ 21. cxd4 Rad8 22. Rad1 Rd6 23. Rf4 Re8 24. fxg6 hxg6 25. Kf2 f5 26. Ke3 Kg7 27. h4 Kf6 28. Rdf1 Red8 29.
Rd1 Ke6 30. Bh3 Bd5 31. h5 Kf6 32. hxg6 Be6 33. g7 Kxg7 34. Rg1+ Kf6 35. Rd1 Rh8 36.
Bg2 Rg8 37. Rd2 Rg3+ 38. Ke2 Rc6 39. b3 Rcc3 40. Kd1 Bd5 0-1

[Event "Early-Titled-Tuesday-Blitz-October-24-2023"]
[Site "Chess.com"]
[Date "2023.10.24"]
[Round "4"]
[White "Let_it_be_1"]
[Black "Adnan_Habib"]
[Result "0-1"]
[WhiteElo "2572"]
[BlackElo "2336"]
[TimeControl "180+1"]
[EndTime "8:38:08 PDT"]
[Termination "Adnan_Habib won on time"]

1. e4 c5 2. Nf3 Nc6 3. d4 cxd4 4. Nxd4 Nf6 5. Nc3 e5 6. Ndb5 d6 7. Bg5 a6 8. Na3 b5 9. Nd5 Be7 10. Bxf6 Bxf6 11. c3 O-O 12. Nc2 Bg5 13. a4 Rb8 14. axb5 axb5 15. h4 Bh6 16. g3 Be6 17. Bg2 Ra8 18. O-O Na5 19. Ncb4 Kh8 20. Qd3 Nc4 21. Qc2 f5 22. Rxa8 Qxa8 23. Nc7 Qc8 24. Nxe6 Qxe6 25.
exf5 Qxf5 26. Be4 Qg4 27. Nd5 Nd2 28. Re1 Nxe4 29. Qxe4 Qd7 30. Ra1 Qb7 31. b4 g6 32.
Kg2 Bg7 33. Ra5 Rc8 34. Kg1 Rc4 35. Qd3 e4 36. Qd2 Bd4 37. Ne3 Bxc3 38. Qxd6 Rc8 39. Nd5 Bd4 40. Qe6 Rf8 41. Ra2 Qb8 42. Kg2 Re8 43. Qf7 Bg7 44. Ra7 Qe5 0-1

[Event "Early-Titled-Tuesday-Blitz-October-24-2023"]
[Site "Chess.com"]
[Date "2023.10.24"]
[Round "4"]
[White "lamomiajunior"]
[Black "Mystery2007"]
[Result "1-0"]
[WhiteElo "2663"]
[BlackElo "2468"]
[TimeControl "180+1"]
[EndTime "8:38:09 PDT"]
[Termination "lamomiajunior won on time"]

1. d4 a6 2. c4 c5 3. d5 d6 4. e4 g6 5. Nf3 Bg7 6. h3 Nf6 7.
Nc3 e6 8. Bd3 exd5 9. exd5 O-O 10. O-O Re8 11. Bf4 Nh5 12. Be3 Nd7 13. Qd2 Ne5 14.
Nxe5 Bxe5 15. Rae1 Bd7 16. f4 Bg7 17. Ne4 Bf5 18. Bf2 Bxe4 19. Bxe4 f5 20. Bf3 Nf6 21. g4 Qd7 22. Qd1 b5 23. b3 Rab8 24. cxb5 axb5 25. Kg2 Ra8 26. g5 Ne4 27. Bxe4 fxe4 28. Re2 Qf5 29. Bg3 Bd4 30. Qc2 Qxd5 31. Rd1 e3+ 32.
Kh2 Qe4 33. Qc1 Qf3 34. Qc2 Re4 35. Qd3 d5 36. Qxb5 Rxf4 37. Bxf4 Qxf4+ 38. Kg2 Rf8 39. Qd3 Qf3+ 40. Kh2 Be5+ 41. Kg1 Qg3+ 42. Rg2 Qxh3 43.
Qxd5+ Rf7 44. Qxe5 e2 45. Rd8+ 1-0

[Event "Early-Titled-Tuesday-Blitz-October-24-2023"]
[Site "Chess.com"]
[Date "2023.10.24"]
[Round "4"]
[White "Balla_Tamas"]
[Black "LeoLV10"]
[Result "0-1"]
[WhiteElo "2364"]
[BlackElo "2579"]
[TimeControl "180+1"]
[EndTime "8:38:09 PDT"]
[Termination "LeoLV10 won by resignation"]

1. e4 c5 2. Nf3 e6 3. d4 cxd4 4.
Nxd4 a6 5. c4 Nf6 6. Nc3 Qc7 7.
a3 b6 8. f3 Bb7 9. Be3 Nc6 10.
Be2 h6 11. O-O Ne5 12. Rc1 h5 13. Qd2 d6 14. b4 Be7 15. Kh1 h4 16. Nd5 exd5 17.
cxd5 Qd8 18. Nf5 Bf8 19. f4 Neg4 20. Bxg4 Nxg4 21. e5 dxe5 22. fxe5 Qxd5 23. Qe2 h3 24. Rfd1 Qxg2+ 25. Qxg2 hxg2+ 26. Kg1 Nxe3 27. Nxe3 Bf3 28. Rd3 Rd8 29. Rdc3 Be7 30. Nf5 Be4 31. Nxg7+ Kf8 32. Re3 Bg6 33. Rc7 Bg5 34. Rg3 Kxg7 35. Rxg5 Rd1+ 36.
Kxg2 Rd2+ 37. Kg1 Re2 38. Rc6 Rb8 39. h4 Kf8 40. h5 Be4 41. Rf6 Ke7 42. h6 Re1+ 43.
Kf2 Rh1 44. Rg7 Bd5 45. h7 Rh8 46. Rd6 Be6 47. Rxb6 R1xh7 48. Rxh7 Rxh7 49. Rxa6 Rh3 50. b5 Bc4 51. Ra5 Rb3 52. a4 Ke6 53. Ra7 Kxe5 54. Rxf7 Bxf7 0-1

[Event "Early-Titled-Tuesday-Blitz-October-24-2023"]
[Site "Chess.com"]
[Date "2023.10.24"]
[Round "4"]
[White "Zhbugnoimt"]
[Black "salomez"]
[Result "1-0"]
[WhiteElo "2567"]
[BlackElo "2362"]
[TimeControl "180+1"]
[EndTime "8:38:09 PDT"]
[Termination "Zhbugnoimt won on time"]

1. e4 c5 2. Nf3 Nc6 3. Bb5 e6 4. O-O Nge7 5. Re1 a6 6. Bf1 d5 7.
exd5 Nxd5 8. d4 Nf6 9. Be3 cxd4 10. Nxd4 Bd7 11. c4 Be7 12. Nc3 O-O 13. h3 Qc7 14. Rc1 Rfd8 15. Qf3 Rac8 16. Nxc6 Bxc6 17. Qe2 Ne4 18.
Nxe4 Bxe4 19. Red1 Bg6 20. g3 Rxd1 21. Rxd1 Bc5 22. b3 h6 23. Bg2 b6 24. Bf4 Qe7 25. h4 Rd8 26. Rxd8+ Qxd8 27. h5 Qd3 28. Qe5 Bf5 29. Be3 Qd1+ 30. Kh2 Qxh5+ 31. Kg1 Qd1+ 32.
Kh2 Bxe3 33. Qxe3 Qd6 34. Bf3 Bb1 35. a4 Bc2 36. a5 Bf5 37. c5 Qxc5 38. axb6 Qc8 39. b7 Qb8 40. Qf4 e5 41. Qxf5 f6 42.
Qc8+ 1-0

[Event "Early-Titled-Tuesday-Blitz-October-24-2023"]
[Site "Chess.com"]
[Date "2023.10.24"]
[Round "4"]
[White "johnmez"]
[Black "Actuary44"]
[Result "0-1"]
[WhiteElo "2297"]
[BlackElo "2504"]
[TimeControl "180+1"]
[EndTime "8:38:09 PDT"]
[Termination "Actuary44 won by resignation"]

1. d4 Nf6 2. Bf4 g6 3. Nf3 Bg7 4. e3 d6 5. h3 O-O 6. Bd3 Nfd7 7. O-O Nc6 8. Nbd2 e5 9. dxe5 Ndxe5 10. Nxe5 Nxe5 11.
Bxe5 Bxe5 12. c3 Be6 13. Nf3 Bg7 14. Nd4 Bd7 15. Qf3 Rb8 16. Rad1 c5 17. Nc2 Qe7 18.
e4 Bc6 19. Ne3 f5 20. Nd5 Bxd5 21. exd5 Rbe8 22. Bb5 Rd8 23. Rfe1 Qc7 24. Qe3 a6 25. Bf1 Rde8 26. Qxe8 Rxe8 27. Rxe8+ Kf7 28. Rde1 Be5 29. Re6 f4 30. Bc4 b5 31. R6xe5 bxc4 32. R5e4 g5 33. Rxc4 Qb7 34. b3 Qxd5 35. Rce4 Kf6 36. Re7 Qd2 37. R1e6+ Kf5 38. Rh6 Qxc3 39. Rhxh7 d5 40. Rhf7+ Kg6 41. Rg7+ Qxg7 42. Rxg7+ Kxg7 43. Kf1 f3 44. gxf3 Kf6 45. Ke2 Kf5 46. Kd3 Kf4 47. b4 cxb4 48. Kd4 Kxf3 49. Kxd5 Kxf2 50. Kc4 Kg3 51. Kxb4 Kxh3 52. Ka5 g4 53. Kxa6 g3 54. Kb6 g2 55. a4 g1=Q+ 0-1

[Event "Early-Titled-Tuesday-Blitz-October-24-2023"]
[Site "Chess.com"]
[Date "2023.10.24"]
[Round "4"]
[White "LaPiToB"]
[Black "Mariia89"]
[Result "0-1"]
[WhiteElo "2272"]
[BlackElo "2133"]
[TimeControl "180+1"]
[EndTime "8:38:11 PDT"]
[Termination "Mariia89 won by resignation"]

1. c4 c5 2. Nc3 Nc6 3. g3 g6 4. Bg2 Bg7 5. e4 Nf6 6. Nge2 O-O 7. O-O d6 8. d3 Bd7 9. h3 a6 10. a4 b6 11. Be3 Rb8 12. Rb1 Nb4 13. d4 Qc8 14.
Kh2 Rd8 15. d5 b5 16. axb5 axb5 17. b3 bxc4 18. bxc4 Qa6 19. Nb5 Bxb5 20. cxb5 Qxb5 21. Qd2 Qd7 22. Bh6 Bh8 23. f4 Ra8 24. Nc3 Ne8 25. Rbe1 Ng7 26. e5 Nf5 27. e6 fxe6 28. dxe6 Qa7 29. Bxa8 Rxa8 30. Bg5 h6 31. Bxe7 Nxe7 32. Ne4 d5 33. Nd6 Qa2 34. Rf2 Bd4 35. Rfe2 Qxd2 36.
Rxd2 Kg7 37. f5 gxf5 38. Rb1 Bc3 39. Rf2 Kg6 40. g4 Be5+ 41. Kg2 Bxd6 42. gxf5+ Nxf5 43. Rg1 Nd3 44. Kh1+ Kf6 45. Rf3 Ne5 46. Rf2 Kxe6 47. Rgf1 Rf8 48. Kg2 Ne3+ 0-1

[Event "Early-Titled-Tuesday-Blitz-October-24-2023"]
[Site "Chess.com"]
[Date "2023.10.24"]
[Round "4"]
[White "FlemingA"]
[Black "M_One1126"]
[Result "0-1"]
[WhiteElo "2441"]
[BlackElo "2636"]
[TimeControl "180+1"]
[EndTime "8:38:12 PDT"]
[Termination "M_One1126 won by resignation"]

1. f4 g6 2. Nf3 Bg7 3. g3 d5 4. Bg2 c5 5. O-O Nc6 6. d3 Nf6 7. Nc3 O-O 8. e4 Bg4 9. e5 Ne8 10. h3 Bxf3 11. Qxf3 e6 12. Ne2 Rc8 13. c3 b5 14. g4 b4 15. Qf2 Qa5 16. h4 f6 17.
exf6 Nxf6 18. g5 Nh5 19. Bf3 Qb5 20. Bxh5 gxh5 21. Qf3 Ne5 22. Qxh5 Nxd3 23. Ng3 bxc3 24. bxc3 Bxc3 25. g6 Qd7 26. Rb1 Bd4+ 27. Kh2 Qg7 28. f5 hxg6 29. Qe2 Nxc1 30. Qxe6+ Qf7 31. Rfxc1 Qxe6 32. fxe6 Rce8 33. Rb7 Rxe6 34. Rxa7 Rf2+ 35. Kh3 Rf3 36. Kg4 Ree3 37. Nf1 Rd3 38. Rb1 Rf8 39. Kg5 Rdf3 40. Kxg6 Rxf1 41. Rxf1 Rxf1 42. h5 Rg1+ 43. Kf5 Rg7 44. Ra8+ Kh7 45. Ke6 Rg5 46. Ra7+ Kh6 47. Rd7 c4 48. Rxd5 Rxd5 49. Kxd5 c3 50. Kxd4 c2 51. a4 c1=Q 52. a5 Qc7 53. a6 Qa7+ 0-1

[Event "Early-Titled-Tuesday-Blitz-October-24-2023"]
[Site "Chess.com"]
[Date "2023.10.24"]
[Round "4"]
[White "deribas12345"]
[Black "AvitalBor"]
[Result "0-1"]
[WhiteElo "2564"]
[BlackElo "2845"]
[TimeControl "180+1"]
[EndTime "8:38:14 PDT"]
[Termination "AvitalBor won by resignation"]

1. d4 Nf6 2. c4 e6 3. Nc3 Bb4 4.
a3 Bxc3+ 5. bxc3 O-O 6. f3 d5 7. e3 b6 8. cxd5 exd5 9. Ra2 c5 10. Bd3 Ba6 11. Bxa6 Nxa6 12. Ne2 Re8 13. O-O Nc7 14. g4 Qc8 15. Ng3 Ne6 16. Nf5 Qa6 17. g5 Nxg5 18. Rg2 Ne6 19. e4 Kh8 20. Nd6 Rf8 21. e5 Ne8 22.
Nf5 cxd4 23. cxd4 f6 24. f4 g6 25. Nh4 f5 26. Qb3 N8g7 27. Rxg6 hxg6 28. Nxg6+ Kg8 29. Ne7+ Kf7 30. Nxd5 Rac8 31. Nf6 Qc4 32. Qxc4 Rxc4 33. d5 Nd4 34. Bb2 Ne2+ 35. Kf2 Rc2 36. e6+ Nxe6 37.
dxe6+ Kxe6 38. Nh7 Rg8 39. Ng5+ Rxg5 40. fxg5 Nc3+ 41.
Ke3 Rxb2 42. Kd4 Nb5+ 43. Kc4 Nxa3+ 44. Kc3 Rxh2 45. Re1+ Kf7 46. Kb4 Nc2+ 0-1

[Event "Early-Titled-Tuesday-Blitz-October-24-2023"]
[Site "Chess.com"]
[Date "2023.10.24"]
[Round "4"]
[White "Hasangatin_Ramil"]
[Black "subham777"]
[Result "1-0"]
[WhiteElo "2725"]
[BlackElo "2521"]
[TimeControl "180+1"]
[EndTime "8:38:14 PDT"]
[Termination "Hasangatin_Ramil won on time"]

1. e4 e6 2. d3 c5 3. Nf3 Nc6 4. g3 g6 5. d4 Bg7 6. dxc5 Qa5+ 7. c3 Qxc5 8. Be3 Qe7 9. Na3 Nf6 10. Nb5 O-O 11. Nd6 b6 12. Be2 Ne8 13. Bf4 e5 14. Nxc8 Rxc8 15. Bg5 f6 16. Be3 Nc7 17. O-O Ne6 18. Bc4 Kh8 19. Bd5 f5 20. exf5 gxf5 21. Re1 f4 22. Bc1 fxg3 23. hxg3 Qf6 24. Qe2 Nc5 25. Bg5 Qg6 26. Bxc6 Rxc6 27. Be7 e4 28. Bxf8 Bxf8 29. Ne5 Qg5 30. Nxc6 dxc6 31. Rad1 Bg7 32.
Rd4 Be5 33. Rxe4 Nxe4 34. Qxe4 Bxg3 35. Qe8+ Kg7 36. Qe7+ Qxe7 37. Rxe7+ Kf6 38. Rxa7 Bf4 39. Rxh7 Bc1 40. b3 Ke5 41. Rh4 b5 42. c4 bxc4 43.
Rxc4 Kd5 44. a4 Bd2 45. Kg2 c5 46. Kf3 Bb4 47. Kg4 Bd2 48. f4 Be3 49. f5 Bd4 50. a5 Kc6 51. Kg5 Kb5 52. f6 Kxa5 53. f7 Bg7 54. Rxc5+ Kb4 55. Rc8 1-0

[Event "Early-Titled-Tuesday-Blitz-October-24-2023"]
[Site "Chess.com"]
[Date "2023.10.24"]
[Round "4"]
[White "djokovic74"]
[Black "angryspacevoid"]
[Result "1-0"]
[WhiteElo "2695"]
[BlackElo "2513"]
[TimeControl "180+1"]
[EndTime "8:38:14 PDT"]
[Termination "djokovic74 won on time"]

1. c4 e5 2. Nc3 Nc6 3. Nf3 f5 4. g3 e4 5. Nh4 d6 6. d4 g5 7. Ng2 Bg7 8. e3 h5 9. Be2 Nf6 10. h4 g4 11. Bd2 Ne7 12. b4 Be6 13. d5 Bf7 14. O-O Ng6 15. Qb3 O-O 16. Rfd1 Nd7 17. Rac1 a5 18. a3 Nde5 19. Nb5 a4 20.
Qc2 Nf3+ 21. Kf1 Nxd2+ 22. Qxd2 Be8 23. Nd4 Bd7 24. Ne6 Bxe6 25. dxe6 Qe7 26. c5 Be5 27.
Nf4 Nxh4 28. gxh4 Qxh4 29. Kg2 Bxf4 30. Rh1 Qe7 31. exf4 h4 32. cxd6 h3+ 33. Kg3 cxd6 34. Qd5 Kg7 35. Rhd1 h2 36. Kg2 Rh8 37. Kh1 Rac8 38.
Rxc8 Rxc8 39. Qxf5 Rc2 40. Qxg4+ Kf8 41. Kxh2 Qh7+ 42.
Kg2 Rc3 43. Rh1 1-0

[Event "Early-Titled-Tuesday-Blitz-October-24-2023"]
[Site "Chess.com"]
[Date "2023.10.24"]
[Round "4"]
[White "wonderfultime"]
[Black "Ranindu2003"]
[Result "1-0"]
[WhiteElo "3006"]
[BlackElo "2811"]
[TimeControl "180+1"]
[EndTime "8:38:15 PDT"]
[Termination "wonderfultime won by resignation"]

1. d4 d5 2. c4 e6 3. Nf3 Nf6 4. Nc3 Bb4 5. e3 O-O 6. Bd2 b6 7. Rc1 Bb7 8. cxd5 exd5 9. Bd3 Nbd7 10. O-O Be7 11. Ne5 Nxe5 12. dxe5 Nd7 13. f4 Nc5 14. Bc2 d4 15. Na4 Qd5 16. Qg4 d3 17. Nc3 Qe6 18.
Qxe6 fxe6 19. Bb1 a5 20. Nb5 Rac8 21. Rfd1 Rfd8 22. b4 axb4 23. Bxb4 Ba6 24. Nd4 Kf7 25. Nc6 Rd5 26. e4 Rd7 27. f5 Bf8 28. fxe6+ Kxe6 29. a3 Nxe4 30. Ba2+ Rd5 31. Bxf8 Rxf8 32. Bxd5+ Kxd5 33. Nb4+ Kd4 34. Nxa6 d2 35. Rxc7 Kd3 36. h4 Ke2 37. Ra1 d1=Q+ 38. Rxd1 Kxd1 39. Rxg7 h5 40. e6 Ke2 41. e7 Re8 42. Nc7 1-0

[Event "Early-Titled-Tuesday-Blitz-October-24-2023"]
[Site "Chess.com"]
[Date "2023.10.24"]
[Round "4"]
[White "DefiantChair"]
[Black "esrosenberg"]
[Result "1-0"]
[WhiteElo "2651"]
[BlackElo "2457"]
[TimeControl "180+1"]
[EndTime "8:38:15 PDT"]
[Termination "DefiantChair won by resignation"]

1. e4 e5 2. Nf3 Nc6 3. Bb5 Nf6 4. d3 Ne7 5. O-O c6 6. Ba4 Ng6 7. d4 Be7 8. Re1 d6 9. c4 O-O 10. h3 Qc7 11. Nc3 h6 12. d5 Bd7 13. Be3 a6 14. Bb3 c5 15. a4 b6 16. Qd3 Nh5 17. a5 Nhf4 18. Qd2 b5 19. h4 b4 20. Na4 Bg4 21.
Nh2 h5 22. Nb6 Ra7 23. f3 Bc8 24. g3 Nh3+ 25. Kg2 f5 26. Nxc8 Qxc8 27. Kxh3 f4+ 28.
Kg2 fxg3 29. Bg5 Nxh4+ 30. Bxh4 Bxh4 31. Nf1 Qd8 32. Ne3 Qg5 33. Rh1 Raf7 34. Raf1 Qf6 35. Qe2 Bg5 36. Nf5 Kh7 37. Rxh5+ Kg8 38. Rfh1 g6 39. Rh8+ Qxh8 40. Rxh8+ Kxh8 41. Ne3 Rxf3 42. Qxf3 Rxf3 43. Kxf3 Bf4 44. Ng2 g5 45. Ba4 Kg7 46.
b3 Kg6 47. Bc6 Kh5 48. Bd7 Bc1 49. Bg4+ Kg6 50. Bc8 Bf4 51. Bxa6 1-0

[Event "Early-Titled-Tuesday-Blitz-October-24-2023"]
[Site "Chess.com"]
[Date "2023.10.24"]
[Round "4"]
[White "Alexchess1984"]
[Black "vishwa_vijeta"]
[Result "1-0"]
[WhiteElo "2698"]
[BlackElo "2528"]
[TimeControl "180+1"]
[EndTime "8:38:15 PDT"]
[Termination "Alexchess1984 won on time"]

1. e4 c5 2. c3 d5 3. exd5 Qxd5 4. d4 Nc6 5. Nf3 Bf5 6. Be3 Nf6 7. Na3 cxd4 8. Nxd4 Nxd4 9. Bxd4 e5 10. Nb5 Rc8 11. Bxa7 Qc6 12. Be3 Ra8 13. Na7 Qc7 14. Bb5+ Bd7 15.
Bxd7+ Nxd7 16. O-O b6 17. Qf3 Rxa7 18. Rfd1 Bc5 19.
Qg4 O-O 20. Bh6 g6 21. Bxf8 Nxf8 22. Qe4 Ne6 23. Rd5 Bd6 24. Rad1 Nc5 25. Qc4 Be7 26. b4 Ne6 27. Qb3 Bf6 28. a4 Qc6 29. b5 Qa8 30. Rd6 Kg7 31. Rxb6 Rxa4 32. g3 Nc5 33. Qd5 Qxd5 34.
Rxd5 Ne4 35. Rc6 Ra1+ 36. Kg2 Rc1 37. b6 Rb1 38. Rd7 Ng5 39. h4 Ne6 40. b7 Nc5 41. Rxc5 1-0

[Event "Early-Titled-Tuesday-Blitz-October-24-2023"]
[Site "Chess.com"]
[Date "2023.10.24"]
[Round "4"]
[White "Rodalquilar"]
[Black "brm72"]
[Result "0-1"]
[WhiteElo "2747"]
[BlackElo "2556"]
[TimeControl "180+1"]
[EndTime "8:38:16 PDT"]
[Termination "brm72 won by resignation"]

1. d4 Nf6 2. Nf3 e6 3. Bf4 d5 4. e3 Be7 5. Nbd2 c5 6. c3 Nc6 7. h3 Bd6 8. Bxd6 Qxd6 9. Bb5 O-O 10. O-O a6 11. Bxc6 Qxc6 12. Ne5 Qc7 13. b4 b6 14. Rc1 Bd7 15. Qb3 c4 16. Qb1 b5 17. e4 a5 18. a3 axb4 19. axb4 Ra3 20. exd5 exd5 21.
Rfe1 g6 22. Re3 Bf5 23. Qb2 Rfa8 24. Rce1 Ra2 25. Qc1 Rc2 26. Qd1 Raa2 27. R1e2 Qa7 28. Nc6 Ra1 29. Nb1 Qa2 30. Rxc2 Qxc2 31. Ne7+ Kf8 32.
Qf3 Rxb1+ 33. Kh2 Ne4 34. Nxf5 gxf5 35. Qxf5 Qxf2 36. Qc8+ Kg7 37. Qg4+ Kh8 38. Qc8+ Kg7 39. Qg4+ Kh6 40. Rxe4 dxe4 41. Qxe4 Qg1+ 42. Kg3 Qe1+ 43. Kf4 Qxe4+ 44. Kxe4 Rc1 45. d5 Rxc3 46. Kd4 Rd3+ 47. Kc5 c3 48. d6 c2 49. d7 Rxd7 0-1

[Event "Early-Titled-Tuesday-Blitz-October-24-2023"]
[Site "Chess.com"]
[Date "2023.10.24"]
[Round "4"]
[White "Karttunen"]
[Black "slorovel"]
[Result "1-0"]
[WhiteElo "2614"]
[BlackElo "2460"]
[TimeControl "180+1"]
[EndTime "8:38:16 PDT"]
[Termination "Karttunen won by resignation"]

1. e4 e6 2. d4 d5 3. Nc3 Nc6 4. e5 f6 5. Bb5 Bd7 6. Nf3 Qe7 7. h4 h5 8. a3 Qf7 9. Qe2 Nge7 10. Be3 O-O-O 11.
O-O-O Kb8 12. Kb1 Nf5 13. Bd3 Nce7 14. Bf4 Rc8 15. Rh3 Ka8 16. Bh2 Rg8 17. Na2 g5 18. exf6 g4 19. Ne5 Qxf6 20. Nxd7 Qh6 21. Bxf5 Nxf5 22.
Rb3 g3 23. Bxg3 Bd6 24. Bxd6 cxd6 25. g3 Rc7 26. Nb6+ axb6 27. Rxb6 Rgc8 28. c3 Qg6 29.
Ka1 Qf7 30. Nb4 Rc4 31. Nd3 Ka7 32. Rb4 Qd7 33. Nf4 Rxb4 34. cxb4 Qa4 35. Rd2 Rc1+ 36. Ka2 Qc6 37. Nxe6 Rc4 38. Qxh5 Rc2 39. Qe2 Rc1 40.
Nf4 Rh1 41. Qd3 Qc1 42. Rc2 Qb1+ 43. Kb3 Rc1 44. Qxf5 Qa1 45. Qd3 Rd1 46. Qe2 Qb1 47.
h5 b5 48. Nxd5 Rc1 49. Nc3 Rxc2 50. Qxc2 1-0

[Event "Early-Titled-Tuesday-Blitz-October-24-2023"]
[Site "Chess.com"]
[Date "2023.10.24"]
[Round "4"]
[White "LiemLe"]
[Black "NikolaGry"]
[Result "0-1"]
[WhiteElo "2956"]
[BlackElo "2739"]
[TimeControl "180+1"]
[EndTime "8:38:17 PDT"]
[Termination "NikolaGry won by checkmate"]

1. Nf3 c5 2. c4 b6 3. g3 Bb7 4.
Bg2 Nf6 5. O-O e6 6. Nc3 Be7 7. Re1 d6 8. e4 e5 9. d4 cxd4 10.
Nxd4 exd4 11. e5 Bxg2 12. exf6 gxf6 13. Qxd4 Bh3 14. Qxf6 Rg8 15. Nd5 Be6 16. Nxe7 Nd7 17. Nxg8 Nxf6 18. Bg5 Nxg8 19. Bxd8 Kxd8 20. b3 Ne7 21. Rad1 Kc7 22. Rd4 Rg8 23. h4 h5 24.
Red1 Nf5 25. Rf4 a5 26. Rd3 Kc6 27. Rdf3 Ne7 28. Rd3 Nf5 29. Rdf3 Ne7 30. Rd3 Kc5 31. Rfd4 Nf5 32. Rd5+ Kc6 33. Rb5 a4 34. bxa4 Bxc4 35. Rc3 d5 36. Kh2 Nd4 37. Rb2 Ra8 38. Re3 Rxa4 39. Re5 Nf3+ 40. Kg2 Nxe5 41. f4 Nd3 42. Rd2 Rxa2 43. Rxa2 Bxa2 44. g4 hxg4 45. Kg3 Nxf4 46. Kxf4 Bb1 47. h5 b5 48. h6 b4 49. Kxg4 Bh7 50.
Kg5 b3 51. Kf6 b2 52. Kg7 b1=Q 53. Kh8 Qf5 54. Kg7 Qg6+ 55. Kh8 Bg8 56. h7 Qxh7# 0-1

[Event "Early-Titled-Tuesday-Blitz-October-24-2023"]
[Site "Chess.com"]
[Date "2023.10.24"]
[Round "4"]
[White "falzehope0"]
[Black "SONOFHOLYGOD"]
[Result "0-1"]
[WhiteElo "2330"]
[BlackElo "2513"]
[TimeControl "180+1"]
[EndTime "8:38:17 PDT"]
[Termination "SONOFHOLYGOD won by checkmate"]

1. d4 Nf6 2. e3 g6 3. Bd3 Bg7 4. f4 c5 5. Nf3 O-O 6. O-O d6 7. c3 Nc6 8. Bc2 cxd4 9. exd4 e5 10. d5 Ne7 11. fxe5 dxe5 12. c4 e4 13. Ng5 Bf5 14. Nc3 Re8 15. h3 h6 16. Ngxe4 Nxe4 17. Nxe4 Bxe4 18. Bxe4 Qb6+ 19. Kh1 Rad8 20. Qf3 f5 21.
Bc2 Nc8 22. Ba4 Re4 23. Bb3 Nd6 24. Qd3 Rde8 25. Rb1 Qc5 26. Bf4 b6 27. Ba4 R8e7 28. b3 a5 29. Bc6 Kh7 30. Qg3 Nf7 31. Rbd1 g5 32. Bc1 f4 33. Qf3 Kg8 34. Qd3 Nd6 35. Ba4 Be5 36. Qf3 Nf5 37. Kh2 Ng3 38. Qg4 Re2 39.
Rg1 Qf2 40. Ba3 f3 41. d6 Nf1+ 42. Kh1 Ng3+ 43. Kh2 Nh5+ 44. Kh1 Qg3 45. Qxg3 Nxg3+ 46. Kh2 Nf1+ 47. Kh1 Ng3+ 48. Kh2 Rf7 49. d7 Nf1+ 50. Kh1 Ng3+ 51. Kh2 Ne4+ 52. Kh1 Nf2# 0-1

[Event "Early-Titled-Tuesday-Blitz-October-24-2023"]
[Site "Chess.com"]
[Date "2023.10.24"]
[Round "4"]
[White "InitiatingASC"]
[Black "AljoschaFeuerstack"]
[Result "0-1"]
[WhiteElo "2329"]
[BlackElo "2617"]
[TimeControl "180+1"]
[EndTime "8:38:17 PDT"]
[Termination "AljoschaFeuerstack won by resignation"]

1. e4 a6 2. a3 c6 3. h3 d5 4.
exd5 cxd5 5. d4 Nc6 6. Nf3 Bf5 7. Bd3 Bg6 8. O-O e6 9. Bg5 Qc7 10. Bxg6 hxg6 11. Nbd2 Bd6 12. Re1 Nge7 13. c4 dxc4 14. Nxc4 O-O 15. Nxd6 Qxd6 16. Qd2 Rfd8 17. Rad1 Rd7 18.
Ne5 Nxe5 19. dxe5 Qxd2 20. Rxd2 Rxd2 21. Bxd2 Rc8 22. Rc1 Kf8 23. Rxc8+ Nxc8 24. Bb4+ Ke8 25. Bc5 b6 26. Bd4 Kd7 27. Kf1 Kc6 28. Ke2 Ne7 29.
Kd3 Nd5 30. g3 Kb5 31. b3 a5 32. Bb2 a4 33. bxa4+ Kxa4 34. Kc4 Ne7 35. Bc1 Nc6 36.
Bb2 Na5+ 37. Kc3 b5 38. Bc1 Nc4 39. Kd4 Nxa3 40. Kc5 b4 41. Kd6 Nc4+ 42. Ke7 Nxe5 43. Bb2 Nd3 44. Bxg7 Nxf2 45. Kxf7 Nxh3 46. Kxg6 Kb3 47.
Kf7 Ng5+ 48. Ke7 Kc2 49. Be5 b3 50. g4 Nf3 51. Kxe6 Nxe5 52. Kxe5 b2 53. g5 b1=Q 54. g6 Qb3 55. Kf5 Qg8 56. Kf6 Kc3 0-1